 Dungeon Crawl Stone Soup version 0.19-a0-1498-g0b85ae9 (webtiles) character file.

16 Leszczynek the Grave Robber (level 2, 0/27 HPs)
             Began as an Ogre Necromancer on Sept 10, 2016.
             Slain by an ooze (1 damage)
             ... on level 1 of the Dungeon.
             The game lasted 00:03:13 (653 turns).

Leszczynek the Grave Robber (Ogre Necromancer)       Turns: 653, Time: 00:03:14

Health: 0/27       AC:  3    Str: 12    XL:     2   Next: 54%
Magic:  1/5        EV: 10    Int: 14    God:    Xom [....*.]
Gold:   72         SH:  0    Dex: 10    Spells: 2 memorised, 3 levels left

rFire  . . .     SeeInvis .     j - -1 short sword (curse)
rCold  . . .     Gourm    .     h - +0 robe
rNeg   . . .     Faith    .     (no shield)
rPois  .         Spirit   .     (helmet restricted)
rElec  .         Dismiss  .     (no cloak)
rCorr  .         Reflect  .     (gloves unavailable)
MR     .....     Harm     .     (boots unavailable)
Stlth  +.........               (no amulet)
                                (no ring)
                                (no ring)

@: no status effects
A: unfitting armour, tough skin 1
a: Renounce Religion


You were on level 1 of the Dungeon.
You worshipped Xom.
You were a beloved toy of Xom.
You were not hungry.

You visited 1 branch of the dungeon, and saw 2 of its levels.

You collected 72 gold pieces.

Inventory:

Hand Weapons
 a - a +0 club
 j - a cursed -1 short sword (weapon)
Missiles
 e - 23 poisoned needles
Armour
 h - a +0 robe (worn)
Scrolls
 c - 4 scrolls of identify
 i - a scroll of fear
Potions
 k - 2 potions of flight {unknown}
Books
 b - a book of Necromancy

   Spells                             Type                      Level
   a - Pain                           Necromancy                   1
   b - Animate Skeleton               Necromancy                   1
   c - Vampiric Draining              Necromancy                   3
   d - Regeneration                   Charms/Necromancy            3
   e - Animate Dead                   Necromancy                   4
   f - Control Undead                 Necromancy                   4
Comestibles
 d - a bread ration
 f - a chunk of flesh
 g - a beef jerky


   Skills:
 - Level 1.3 Fighting
 + Level 2.3 Maces & Flails
 - Level 1.7 Dodging
 - Level 1.5 Stealth
 - Level 2.4 Spellcasting
 - Level 2.9 Necromancy


You had 3 spell levels left.
You knew the following spells:

 Your Spells              Type           Power        Failure   Level  Hunger
a - Pain                  Necr           ##..         10%         1    #......
b - Animate Skeleton      Necr           N/A          10%         1    #......


Dungeon Overview and Level Annotations

Branches:
Dungeon (2/15)

Altars:
Trog
Xom


Innate Abilities, Weirdness & Mutations

You are too large for most types of armour.
You have tough skin. (AC +1)


Message History

The ooze is severely wounded.
The ooze closely misses you.
You barely miss the ooze.
The ooze is severely wounded.
The ooze hits you.
You die...
Xom is feeling generous.
Xom revives you!
Unknown command.
Unknown command.
Unknown command.
The ooze hits you but does no damage.
Your magical contamination has completely faded away.
Casting: Pain
Confirm with . or Enter, or press ? or * to list all spells.
Aiming: Pain
Press: ? - help, Shift-Dir - straight line, f/p - ooze
Aim: an ooze (severely wounded, chance to defeat MR: 63%)
The ooze writhes in agony!
The ooze hits you.
You die...
Xom yawns loudly!

### #..##### #......#
.. ##..##.###### ##.
##.....@J..# ....(...
###>...##.#####.##.....
####..#.......##.....
##.....##.........
####......##.....
#.##.####.....
#.##....#.....
..#####.#..... [###
#....###


You could see an ooze.

Vanquished Creatures
  A dart slug (D:1)
  A goblin (D:1)
  2 hobgoblins (D:1)
  3 bats (D:1)
  A giant newt (D:2)
  2 kobolds (D:1)
  5 rats
15 creatures vanquished.

Notes
Turn   | Place    | Note
-------+----------+-------------------------------------------
     0 | D:1      | Leszczynek the Ogre Necromancer began the quest for the Orb.
     0 | D:1      | Reached XP level 1. HP: 16/16 MP: 3/3
     2 | D:1      | Learned a level 1 spell: Animate Skeleton
    99 | D:1      | Reached skill level 1 in Fighting
   185 | D:1      | Reached skill level 1 in Maces & Flails
   201 | D:1      | Reached XP level 2. HP: 23/27 MP: 0/5
   339 | D:2      | Reached skill level 2 in Maces & Flails
   350 | D:2      | Noticed a moth of wrath
   353 | D:2      | Found a bloodstained altar of Trog.
   543 | D:2      | Found a faded altar of an unknown god.
   551 | D:2      | Became a worshipper of Xom of Chaos
   566 | D:2      | XOM: butterfly on damage
   632 | D:1      | XOM: silly message
   637 | D:1      | HP: 2/27 [ooze (4)]
   639 | D:1      | Xom revived you
   653 | D:1      | Slain by an ooze

Vault maps used:
D:1:      evilmike_arrival_crescent
D:2:      tgw_trog, ecumenical_altar_1, uniq_iyjb

Skill      XL: |  1  2 |
---------------+-------+-----
Fighting       | 1 |  1.3
Maces & Flails | 1 2 |  2.3
Dodging        | |  1.7
Stealth        | |  1.5
Spellcasting   | |  2.4
Necromancy     | |  2.9

Action                   || total
-------------------------++-------
Melee: Unarmed           ||     3
       Club              ||    20
       Short sword       ||    14
 Cast: Pain              ||    17
       Animate Skeleton  ||     1
  Use: Scroll            ||     1
 Stab: Sleeping          ||     3
Armor: Robe              ||    13
Dodge: Dodged            ||    20
